 Dungeon Crawl Stone Soup version 0.27.1-33-g824d729ab1 (webtiles) character file.

Game seed: 718537669562702112

222 zeram the Chucker (level 5, -1/53 HPs)
             Began as a Troll Hunter on Dec 11, 2021.
             Succumbed to a scorpion's poison
             ... on level 4 of the Dungeon.
             The game lasted 00:04:32 (2616 turns).

zeram the Chucker (Troll Hunter)                    Turns: 2616, Time: 00:04:32

Health: -1/53      AC:  4    Str: 20    XL:     5   Next: 66%
Magic:  2/13       EV: 10    Int:  8    God:
Gold:   169        SH:  0    Dex: 10    Spells: 4/4 levels left

rFire    . . .     SeeInvis .   g - +0 whip
rCold    . . .     Faith    .   (no shield)
rNeg     . . .     Spirit   +   b - +0 robe
rPois    .         Reflect  .   (helmet restricted)
rElec    .         Harm     .   (no cloak)
rCorr    .         Rampage  .   (gloves unavailable)
Will     .....                  (boots unavailable)
Stlth    +.........             f - amulet of guardian spirit
HPRegen  1.17/turn              e - ring of magical power
MPRegen  0.13/turn              (no ring)

@: brilliant, lethally poisoned (-1 -> -8), about to teleport
A: large, unfitting armour, claws 3, regeneration 1, shaggy fur 1, tough skin 1
a: no special abilities


You were on level 4 of the Dungeon.
You visited 1 branch of the dungeon, and saw 4 of its levels.

You collected 169 gold pieces.

Inventory:

Hand Weapons
 a - a +0 short sword
 g - a +0 whip (weapon)
Missiles
 c - 10 large rocks (quivered)
 d - 3 throwing nets
 i - 50 stones
Armour
 b - a +0 robe (worn)
Jewellery
 e - a ring of magical power (left claw)
 f - an amulet of guardian spirit (around neck)


   Skills:
 + Level 3.0 Fighting
 + Level 1.0 Short Blades
 - Level 4.0 Throwing
 + Level 3.5 Dodging
 - Level 0.3 Stealth


You had 4 spell levels left.
You didn't know any spells.
Your spell library was empty.

Dungeon Overview and Level Annotations

Branches:
Dungeon (4/15)
 Temple: D:4-7

Altars:


Innate Abilities, Weirdness & Mutations

You are too large for most types of armour.
You have claws for hands.
Your natural rate of healing is unusually fast.
You are covered in fur. (AC +1)
You have tough skin. (AC +1)


Message History

You are more poisoned.
The scorpion poisons you!
You hit the scorpion.
The scorpion is moderately wounded.
You feel very sick.
The scorpion stings you but does no damage.
You hit the scorpion but do no damage.
The scorpion is moderately wounded.
You feel very sick. The scorpion closely misses you.
You barely miss the scorpion.
The scorpion is moderately wounded.
You feel sick. The scorpion barely misses you. The scorpion stings you!
You are more poisoned.
The scorpion poisons you!
You are too injured to fight recklessly!
You barely miss the scorpion.
The scorpion is moderately wounded.
You feel very sick. The scorpion stings you.
You hit the scorpion.
The scorpion is heavily wounded.
You feel very sick. The scorpion stings you!
* * * LOW HITPOINT WARNING * * *
It was a potion of brilliance.
You feel clever all of a sudden.
You feel sick.
The scorpion stings you but does no damage.
The scorpion stings you!
* * * LOW HITPOINT WARNING * * *
You are lethally poisoned!
The scorpion poisons you!
As you read the scroll of teleportation, it crumbles to dust.
You feel strangely unstable.
* * * LOW HITPOINT WARNING * * *
You feel very sick. The scorpion stings you.
* * * LOW HITPOINT WARNING * * *
You die...

######.##### ##.
#..........# #.
#.#.##.#.#.# #.
#.#.##.#.#.# ##'
#.#.##.#.#.# ##.. #
#.#....#.#.###... .###.
#.#..#.#.#.##....
......###.#......#.#.....
......s.@....).†...'.....
..##..###........###.....
#.. ####.#.### ##.... #.
#.### ##... # #.# ##..
... #+ ...


You could see a scorpion.

Vanquished Creatures
  An orc priest (D:3)
  2 iguanas
  3 gnolls (D:3)
  An adder (D:3)
  A worm (D:3)
  3 dart slugs
  8 orcs (D:3)
  7 bats
  6 endoplasms
  4 giant cockroaches
  8 goblins
  4 hobgoblins
  7 kobolds
  5 quokkas
  14 ball pythons
  3 frilled lizards
  4 rats
81 creatures vanquished.

Notes
Turn   | Place    | Note
-------+----------+-------------------------------------------
     0 | D:1      | zeram the Troll Hunter began the quest for the Orb.
     0 | D:1      | Reached XP level 1. HP: 19/19 MP: 0/0
    84 | D:1      | Reached XP level 2. HP: 25/28 MP: 1/1
   167 | D:1      | Reached skill level 4 in Throwing
   437 | D:1      | Found a faded altar of an unknown god.
   527 | D:1      | Reached XP level 3. HP: 27/35 MP: 2/2
  1366 | D:3      | Reached XP level 4. HP: 34/42 MP: 3/3
  1741 | D:3      | Reached skill level 1 in Short Blades
  1906 | D:3      | Reached XP level 5. HP: 50/50 MP: 4/4
  2615 | D:4      | HP: 1/53 [scorpion (3)]
  2616 | D:4      | Succumbed to a scorpion's poison

Illustrated notes

Levels and vault maps discovered:
D:1:      erik_arrival_cave_to_civilisation [erik_arrival_cave_to_hall],
          layout_loops_ring, shapermc_ecumenical_altar_mp_vishouse
D:2:      layout_basic
D:3:      layout_loops_ring, nrook_loot_triangle
D:4:      layout_loops_corners, chequers_serial_rivers_small_a

Skill      XL: |  1  2  3  4  5 |
---------------+----------------+-----
Throwing       | 4 |  4.0
Dodging        | 2 3 |  3.5
Fighting       | 2 3 |  3.0
Short Blades   | 1 |  1.0
Stealth        | |  0.3

Action                   |  1- 3 |  4- 6 || total
-------------------------+-------+-------++-------
Melee: Short sword       |    42 |       ||    42
       Whip              |   154 |   217 ||   371
Throw: Large rock        |     3 |       ||     3
  Use: Potion            |       |     4 ||     4
       Scroll            |       |     3 ||     3
 Stab: Sleeping          |     3 |       ||     3
Armor: Robe              |    66 |    33 ||    99
Dodge: Dodged            |   106 |   121 ||   227
